 Dungeon Crawl Stone Soup version 0.29.0-4-gdea44cf6ec (webtiles) character file.

Game seed: 11204791030501524878

38 qw the Chopper (level 3, -3/21 HPs)
             Began as a Tengu Warper on Aug 28, 2022.
             Slain by Natasha (8 damage)
             ... on level 2 of the Dungeon.
             The game lasted 00:00:08 (1194 turns).

qw the Chopper (Tengu Warper)                       Turns: 1194, Time: 00:00:08

Health: -3/21      AC:  3    Str: 13    XL:     3   Next: 43%
Magic:  7/7        EV: 12    Int: 13    God:
Gold:   104        SH:  0    Dex: 13    Spells: 6/6 levels left

rFire   . . .      SeeInvis .   Y - +0 hand axe
rCold   . . .      Faith    .   (no shield)
rNeg    . . .      Spirit   .   b - +0 leather armour
rPois   .          Reflect  .   (helmet restricted)
rElec   .          Harm     .   (no cloak)
rCorr   .          Rampage  .   (no gloves)
Will    .....                   (boots unavailable)
Stlth   +.........              (no amulet)
HPRegen 0.07/turn               (no ring)
MPRegen 0.10/turn               (no ring)

@: no status effects
A: beak, talons 3
a: no special abilities


You were on level 2 of the Dungeon.
You visited 1 branch of the dungeon, and saw 2 of its levels.

You collected 104 gold pieces.


Innate Abilities, Weirdness & Mutations

You have a beak for a mouth.
You have claws for feet.


   Skills:
 - Level 2.0 Fighting
 + Level 4.1 Axes
 - Level 1.0 Throwing
 - Level 1.1 Armour
 - Level 2.1 Dodging
 - Level 2.0 Spellcasting
 - Level 2.4 Translocations


You had 6 spell levels left.
You didn't know any spells.
Your spell library contained the following spells:

 Spells                   Type           Power      Damage    Failure   Level
 Blink                    Tloc           14%        N/A       19%         2
 Gell's Gravitas          Tloc           7%         N/A       36%         3
 Lesser Beckoning         Tloc           7%         N/A       36%         3
 Teleport Other           Tloc           7%         N/A       36%         3
 Manifold Assault         Tloc           7%         N/A       98%         5

Inventory:

Hand Weapons
 f - a +3 mace
 Y - a +0 hand axe (weapon)
Armour
 b - a +0 leather armour (worn)
 g - a +0 ring mail
Scrolls
 c - a scroll of noise {unknown}
Potions
 a - a potion of berserk rage {unknown}
 d - a potion of curing {unknown}
 e - a potion of heal wounds {unknown}
 h - a potion of magic {unknown}
 i - 2 potions of lignification {unknown}

Dungeon Overview and Level Annotations

Branches:
Dungeon (2/15)

Altars:
Zin

Annotations:
D:2 Natasha


Message History

You closely miss the jackal. You peck the jackal, but do no damage.
The jackal is heavily wounded.
You hit the jackal. The jackal barely misses you. The jackal misses you.
The jackal barely misses you.
You hit the jackal.
You kill the jackal!
You miss the jackal. The jackal closely misses you. x2
You hit the jackal.
You kill the jackal!
You hit the jackal but do no damage.
The jackal bites you but does no damage.
The jackal closely misses you.
Natasha casts a spell.
You hit Natasha.
Natasha is moderately wounded.
You hit the jackal but do no damage. The jackal closely misses you.
Natasha claws you.
You closely miss Natasha. Your kick misses Natasha.
Natasha is moderately wounded.
You barely miss the jackal. The jackal barely misses you.
Natasha barely misses you. The jackal misses you.
You closely miss Natasha. Your kick misses Natasha.
Natasha is moderately wounded.
You completely miss the jackal. The jackal bites you. Natasha claws you.
The crimson imp blinks!
You hit Natasha.
Natasha is moderately wounded.
You closely miss the jackal. The jackal closely misses you.
Natasha closely misses you. The jackal bites you.
You hit Natasha. Your kick misses Natasha.
Natasha is severely wounded.
You hit the jackal but do no damage. Natasha barely misses you.
The jackal bites you.
You closely miss Natasha. You claw Natasha. Your peck misses Natasha.
Natasha is almost dead.
You hit the jackal. The jackal barely misses you. Natasha claws you!
You die...

.... #.# # ... #.#..# #.## #
... #.#..###..## # ....
#..........## # .....
#...........#####
....[###................
..#......5..........##.####
..#.....#h###.......##...#.
........h@................ #
....:..###.#..#.##.....#.
#.##........#....#.##..##.##
.....#.......#........#.##
#.%.##............#....#.
#...#####<#....#..##.....
...#....####....#..........#
.............................
...#..#..<.####..............


You could see Natasha, a crimson imp (summoned) and a jackal.

Vanquished Creatures
  3 dart slugs
  4 bats
  A giant cockroach (D:1)
  4 goblins
  2 hobgoblins
  3 jackals (D:2)
  A kobold (D:1)
  4 quokkas
  A ball python (D:1)
  3 frilled lizards
  3 rats
29 creatures vanquished.

Notes
Turn   | Place    | Note
-------+----------+-------------------------------------------
     0 | D:1      | qw the Tengu Warper began the quest for the Orb.
     0 | D:1      | Reached XP level 1. HP: 12/12 MP: 4/4
     0 | D:1      | 0 ||| qw: Version: 0.1-a-89-g26bdef1
     0 | D:1      | 0 ||| qw: Game counter: 758
     0 | D:1      | 0 ||| qw: Always use a shield: true
     0 | D:1      | 0 ||| qw: God list: Okawaru
     0 | D:1      | 0 ||| qw: Allow faded altars: false
     0 | D:1      | 0 ||| qw: Do Orc after D:15 true
     0 | D:1      | 0 ||| qw: Do second Lair branch before Depths: true
     0 | D:1      | 0 ||| qw: Lair rune preference: random
     0 | D:1      | 0 ||| qw: Plans: Normal
     0 | D:1      | 0 ||| PLANNING D:1-11
    20 | D:1      | 20 ||| Stepping ~*~*~tactically~*~*~ (stealth).
   403 | D:1      | Found a faded altar of an unknown god.
   407 | D:1      | Reached skill level 3 in Axes
   407 | D:1      | Reached XP level 2. HP: 17/17 MP: 6/6
   653 | D:1      | 653 ||| READING scroll labelled SILYOTWUFU.
   860 | D:1      | 860 ||| READING scroll labelled KATEUNANK.
   861 | D:1      | 861 ||| READING scroll labelled NOAPNEM PUPP.
   865 | D:1      | 865 ||| DROPPING scroll of blinking.
   910 | D:2      | 910 ||| Stepping ~*~*~tactically~*~*~ (stealth).
   967 | D:2      | 967 ||| Stepping ~*~*~tactically~*~*~ (hiding).
   974 | D:2      | 974 ||| Stepping ~*~*~tactically~*~*~ (stealth).
   975 | D:2      | 975 ||| Stepping ~*~*~tactically~*~*~ (hiding).
   979 | D:2      | Reached XP level 3. HP: 21/21 MP: 7/7
  1021 | D:2      | 1021 ||| Stepping ~*~*~tactically~*~*~ (stealth).
  1024 | D:2      | 1024 ||| Stepping ~*~*~tactically~*~*~ (stealth).
  1053 | D:2      | Found a glowing silver altar of Zin.
  1113 | D:2      | Reached skill level 4 in Axes
  1161 | D:2      | 1161 ||| Stepping ~*~*~tactically~*~*~ (stealth).
  1164 | D:2      | 1164 ||| Stepping ~*~*~tactically~*~*~ (stealth).
  1166 | D:2      | 1166 ||| Stepping ~*~*~tactically~*~*~ (stealth).
  1167 | D:2      | 1167 ||| Stepping ~*~*~tactically~*~*~ (stealth).
  1169 | D:2      | 1169 ||| Stepping ~*~*~tactically~*~*~ (stealth).
  1171 | D:2      | 1171 ||| Stepping ~*~*~tactically~*~*~ (hiding).
  1181 | D:2      | Noticed Natasha
  1193 | D:2      | HP: 5/21 [jackal (1)]
  1194 | D:2      | Slain by Natasha

Levels and vault maps discovered:
D:1:      lightli_arrival_boilingwater, layout_loops_ring, serial_glass,
          glass_columns_b, glass_columns_c, basic_ecumenical_altar
D:2:      layout_rooms, basic_altar, uniq_natasha

Skill      XL: |  1  2  3 |
---------------+----------+-----
Axes           | 3 4 |  4.1
Fighting       | |  2.0
Throwing       | |  1.0
Armour         | |  1.1
Dodging        | |  2.1
Spellcasting   | |  2.0
Translocations | |  2.4

Action                   || total
-------------------------++-------
Melee: Hand axe          ||    67
       Kick              ||    15
       Peck              ||     7
Throw: Boomerang         ||     7
  Use: Scroll            ||     3
Armor: Leather armour    ||    22
Dodge: Dodged            ||    40

Table legend:
 A = Non-vault XP
 B = Vault XP
 C = Vault XP percentage of total XP
 D = Non-vault monster count
 E = Vault monster count
 F = Vault count percentage of total count
                 A         B        C        D         E       F
            +---------+---------+-------+---------+---------+-------
      Total |      55 |       0 |   0.0 |      29 |       0 |   0.0
            +---------+---------+-------+---------+---------+-------
        D:1 |      22 |       0 |   0.0 |      12 |       0 |   0.0
        D:2 |      33 |       0 |   0.0 |      17 |       0 |   0.0
            +---------+---------+-------+---------+---------+-------
